 Dungeon Crawl Stone Soup version 0.28-a0-429-g1448048969 (webtiles) character file.

Game seed: 15306684021847382812

9038 robertstho the Thaumaturge (level 11, -5/77 HPs)
             Began as a Djinni Fire Elementalist on Sept 10, 2021.
             Was an Initiate of Gozag.
             Slain by a two-headed ogre (18 damage)
             ... on level 10 of the Dungeon.
             The game lasted 00:20:35 (13850 turns).

robertstho the Thaumaturge (DjFE)                  Turns: 13850, Time: 00:20:36

Health: -5/77      AC: 10    Str: 13    XL:     11   Next: 67%
Gold:   487        EV: 13    Int: 25    God:    Gozag SH:  0 Dex: 15

rFire   + + +      SeeInvis .   h - staff of fire
rCold   . . .      Faith    .   (no shield)
rNeg    . . .      Spirit   .   b - +2 robe {rC+ rF+}
rPois   ∞          Reflect  .   d - +0 helmet
rElec   .          Harm     .   (no cloak)
rCorr   .          Rampage  .   w - +0 pair of gloves of Mezcal {Str+6}
Will    +....                   (boots unavailable)
Stlth   ++........              (no amulet)
HPRegen 0.22/turn               L - +6 ring of intelligence
MPRegen 0.00/turn               e - +4 ring of protection

@: flying
A: sickness immunity, fire resistance 2, cold vulnerability 1, float, innate
caster, hp casting, extra vitality 1
a: Renounce Religion, Potion Petition, Call Merchant, Bribe Branch


You were on level 10 of the Dungeon.
You worshipped Gozag.
Gozag was aware of your devotion.
You visited 2 branches of the dungeon, and saw 11 of its levels.

You collected 1248 gold pieces.
You spent 723 gold pieces at shops.
You paid 38 gold pieces to Gozag.

Inventory:

Hand Weapons
 c - a +3 dagger of draining
Armour
 b - a +2 robe of resistance (worn)
 d - a +0 helmet (worn)
 w - the +0 pair of gloves of Mezcal (worn) {Str+6}
   (You bought it in a shop on level 7 of the Dungeon)

   Str:       It affects your strength (+6).
 y - a +0 pair of gloves of dexterity
Magical Staves
 h - a staff of fire (weapon)
Jewellery
 a - a ring of protection from fire
 e - a +4 ring of protection (right hand)
 f - a ring of see invisible
 g - a +6 ring of strength
 i - a ring of protection from cold
 K - a ring of protection from cold
 L - a +6 ring of intelligence (left hand)
Wands
 G - a wand of iceblast (7)
 H - a wand of paralysis (11)
Scrolls
 j - a scroll of fog {unknown}
 k - a scroll of blinking {unknown}
 l - 2 scrolls of torment {unknown}
 m - 2 scrolls of enchant weapon
 r - a scroll of silence
 t - 4 scrolls of enchant armour
 u - a scroll of magic mapping
 z - a scroll of teleportation
 M - a scroll of holy word
Potions
 n - 5 potions of curing
 o - 4 potions of mutation
 s - a potion of attraction
 v - 2 potions of brilliance {unknown}
 x - a potion of haste
 A - 2 potions of heal wounds
 B - 2 potions of ambrosia
 E - a potion of invisibility
 F - a potion of might
 I - a potion of resistance
 J - a potion of berserk rage
Miscellaneous
 C - a tin of tremorstones (2/2)


   Skills:
 * Level 6.3 Fighting
 + Level 3.9 Dodging
 + Level 3.6 Stealth
 * Level 12.0 Spellcasting


You had 7 spell levels left.
You knew the following spells:

 Your Spells              Type           Power      Damage    Failure   Level
a - Foxfire               Conj/Fire      100%       2x1d9     1%          1
b - Scorch                Fire           100%       2d10      1%          2
c - Conjure Flame         Conj/Fire      85%        6-21      1%          3
d - Inner Flame           Hex/Fire       85%        N/A       1%          3
e - Flame Wave            Conj/Fire      85%        3d14      1%          4
f - Shock                 Conj/Air       100%       1d9       1%          1
g - Call Imp              Summ           66%        N/A       1%          2
h - Stone Arrow           Conj/Erth      100%       3d13      1%          3
i - Animate Armour        Summ/Erth      100%       N/A       1%          4
j - Sticky Flame          Conj/Fire      85%        2d10      1%          4
Your spell library was empty.

Dungeon Overview and Level Annotations

Branches:
Dungeon (10/15)            Temple (1/1) D:5            Lair (0/6) D:9
    Orc: D:9-12

Altars:
Ashenzari
Cheibriados
Dithmenos
Elyvilon
Fedhas
Gozag
Hepliaklqana
Kikubaaqudgha
Makhleb
Nemelex Xobeh
Okawaru
Sif Muna
Trog
Uskayaw
Wu Jian
Yredelemnul
Zin
The Shining One

Shops:
D:5 !**   D:7 [[([   D:8 [[[   D:10 [

Annotations:
D:9 1 runed translucent door, dolemite99's ghost, novice MiAK


Innate Abilities, Weirdness & Mutations

You are immune to sickness and miasma.
You are immune to poison.
Your flesh is very heat resistant. (rF++)
You are vulnerable to cold. (rC-)
You float through the air rather than walking.
You learn spells naturally, not from books.
Your magical power is your life essence.
You have superior vitality. (+4 HP)


Message History

The flame wave engulfs the two-headed ogre!!
The two-headed ogre is almost dead. (Press . to intensify the flame waves.)
The two-headed ogre hits you with a +0 dire flail!
The two-headed ogre hits you with a +0 giant club!!
* * * LOW HITPOINT WARNING * * *
A wave of flame ripples out!
The flame wave engulfs the two-headed ogre!!
You kill the two-headed ogre!
* * * LOW HITPOINT WARNING * * *
Your Spellcasting skill increases to level 12!
Unknown command.
As you read the scroll of teleportation, it crumbles to dust.
You feel strangely unstable.
Your surroundings suddenly seem different.
You start resting.
A two-headed ogre is nearby!
Casting: Flame Wave (safe; 1% risk of failure)
Confirm with . or Enter, or press ? or * to list all spells.
Aiming: Stone Arrow (safe; 1% risk of failure)
Press: ? - help, Shift-Dir - straight line, f - two-headed ogre
Aim: a two-headed ogre, wielding two +0 giant clubs (89% to hit)
The stone arrow hits the two-headed ogre!!
The two-headed ogre is heavily wounded.
* * * LOW HITPOINT WARNING * * *
Unknown command.
Casting: Stone Arrow (safe; 1% risk of failure)
Confirm with . or Enter, or press ? or * to list all spells.
Aiming: Stone Arrow (safe; 1% risk of failure)
Press: ? - help, Shift-Dir - straight line, f/p - two-headed ogre
Aim: a two-headed ogre, wielding two +0 giant clubs (heavily wounded, 89% to hit)
The stone arrow hits the two-headed ogre!
The two-headed ogre is heavily wounded.
* * * LOW HITPOINT WARNING * * *
Casting: Stone Arrow (safe; 1% risk of failure)
Confirm with . or Enter, or press ? or * to list all spells.
You don't know that spell.
The two-headed ogre hits you with a +0 giant club!!
You die...
Your body crumbles into a pile of gold.

#######.#########.##.#####
#.....#.#...#...#.#.....#
#.###.#.#.#.#.#.#.#.###.##
#.#...#.#.#.#.#.#.#...#.#..
#.#####.###.#.###.#####.##.#
#...........#...........# #(
#.#########.#.########### #
#.#...#...#O#.....#...## #
#.#.#.#.#.#@#.###.##.#.## ##
#.#.#.#.#.#.#...#.##.##.###.
.#####.###.#.###.#####.#..###.#.#
...........#...........#### ##.##
###.######.#############.# #.#
.....#...#.#.)...##.####.#####.#
.....#.#.#.#.###.###...........#
.#####.#.#.#...#.##.####.#######
....(#.###.#####.#.## #.#


You could see a two-headed ogre.

Vanquished Creatures
  An ogre mage (D:10)
  4 two-headed ogres
  Pikel (D:8)
  A troll (D:10)
  A wyvern (D:10)
  A yak (D:9)
  Grum (D:8)
  3 water moccasins
  2 orc warriors
  3 black bears
  2 sky beasts
  2 ogres
  3 wolves (D:8)
  3 centaurs
  A phantom (D:6)
  4 lemures (D:8)
  3 kobold brigands
  6 bullfrogs
  Blork the orc (D:4)
  3 scorpions
  6 killer bees (D:9)
  7 wights
  2 howler monkeys (D:6)
  6 centaur zombies
  5 hounds
  5 gnoll shamans
  8 orc priests
  A bullfrog skeleton (D:7)
  A centaur skeleton (D:6)
  3 iguanas
  9 orc wizards
  5 killer bee zombies
  A hound skeleton (D:4)
  A howler monkey zombie (D:6)
  4 adders
  25 gnolls
  2 white imps (D:6)
  3 worms
  3 dart slugs
  24 orcs
  8 ball pythons
  4 bats
  6 endoplasms
  5 giant cockroaches
  11 goblins
  5 hobgoblins
  9 jackals
  3 quokkas
  2 frilled lizards (D:1)
  24 kobolds
  7 rats
251 creatures vanquished.

Vanquished Creatures (collateral kills)
  15 foxfires
15 creatures vanquished.

Vanquished Creatures (others)
  719 foxfires
  22 fungi (D:9)
  39 plants
780 creatures vanquished.

Grand Total: 1046 creatures vanquished

Notes
Turn   | Place    | Note
-------+----------+-------------------------------------------
     0 | D:1      | robertstho the Djinni Fire Elementalist began the quest for
                  | the Orb.
     0 | D:1      | Reached XP level 1. HP: 15/15 MP: 0/0
   249 | D:1      | Reached XP level 2. HP: 15/21 MP: 0/0
  1130 | D:1      | Reached XP level 3. HP: 24/26 MP: 0/0
  1130 | D:1      | Learned a level 1 spell: Shock
  1188 | D:1      | Reached skill level 3 in Spellcasting
  1477 | D:1      | Found a faded altar of an unknown god.
  1801 | D:2      | Reached skill level 1 in Fighting
  1804 | D:2      | Reached XP level 4. HP: 24/32 MP: 0/0
  2342 | D:2      | Reached XP level 5. HP: 26/38 MP: 0/0
  2342 | D:2      | Learned a level 2 spell: Call Imp
  3783 | D:3      | Reached skill level 4 in Spellcasting
  4085 | D:4      | Reached XP level 6. HP: 15/43 MP: 0/0
  4589 | D:4      | Noticed Blork the orc
  4596 | D:4      | Killed Blork the orc
  4770 | D:4      | Noticed a black bear
  4774 | D:4      | Killed a black bear
  4775 | D:4      | Reached skill level 5 in Spellcasting
  4775 | D:4      | Reached XP level 7. HP: 36/49 MP: 0/0
  4775 | D:4      | Learned a level 3 spell: Stone Arrow
  4856 | D:4      | Found a snail-covered altar of Cheibriados.
  5183 | D:5      | Entered Level 5 of the Dungeon
  5417 | D:5      | Found Kamefaev's Distillery.
  5430 | D:5      | Reached skill level 6 in Spellcasting
  5431 | D:5      | Reached XP level 8. HP: 33/55 MP: 0/0
  5941 | D:5      | Found a staircase to the Ecumenical Temple.
  5953 | Temple   | Entered the Ecumenical Temple
  6113 | Temple   | Became a worshipper of Gozag Ym Sagoz the Greedy
  6271 | D:5      | Found Itest's Specific Store.
  6307 | D:5      | Found Yptoson's General Store.
  6314 | D:5      | Bought a scroll of identify for 26 gold pieces
  6556 | D:5      | Bought a potion of lignification for 30 gold pieces
  6556 | D:5      | Bought a potion of heal wounds for 50 gold pieces
  6777 | D:6      | Reached skill level 7 in Spellcasting
  7169 | D:6      | Reached XP level 9. HP: 23/61 MP: 0/0
  7169 | D:6      | Learned a level 4 spell: Animate Armour
  7767 | D:6      | Reached skill level 8 in Spellcasting
  7976 | D:6      | Found a glowing golden altar of the Shining One.
  8072 | D:7      | Found Haeturad's Antique Armour Boutique.
  8124 | D:7      | Bought a pair of dazzling gloves for 247 gold pieces
  8124 | D:7      | Identified the +0 pair of gloves of Mezcal {Str+6} (You
                  | bought it in a shop on level 7 of the Dungeon)
  8182 | D:7      | Found Qolu's Antique Weapon Shoppe.
  9050 | D:7      | Found Beam's Armour Shoppe.
  9215 | D:7      | Reached skill level 9 in Spellcasting
  9362 | D:7      | Found Nohaoppa's Antique Armour Shoppe.
  9867 | D:8      | Found a blossoming altar of Fedhas.
  9914 | D:8      | Reached XP level 10. HP: 21/69 MP: 0/0
 10291 | D:5      | Bought a potion of curing for 30 gold pieces
 10291 | D:5      | Bought a potion of ambrosia for 80 gold pieces
 10291 | D:5      | Bought a potion of resistance for 100 gold pieces
 10291 | D:5      | Bought a potion of mutation for 80 gold pieces
 10291 | D:5      | Bought a potion of berserk rage for 50 gold pieces
 10291 | D:5      | Bought a potion of flight for 30 gold pieces
 10438 | D:8      | Found a hazy altar of Hepliaklqana.
 10550 | D:8      | Found Ettinaof's Antique Armour Shoppe.
 10609 | D:8      | Found Gut Sapp's Armour Shop.
 10723 | D:8      | Noticed Pikel
 10743 | D:8      | Killed Pikel
 10804 | D:8      | Noticed Grum
 10812 | D:8      | Killed Grum
 10813 | D:8      | Reached skill level 10 in Spellcasting
 11236 | D:8      | Found Giydajay's Antique Armour Shoppe.
 11268 | D:8      | Reached skill level 5 in Fighting
 11684 | D:9      | Found a staircase to the Lair.
 11791 | D:9      | Found an iron altar of Okawaru.
 11869 | D:9      | Noticed dolemite99's ghost (novice MiAK)
 11947 | D:9      | Found a runed translucent door.
 11954 | D:9      | Noticed a two-headed ogre
 11960 | D:9      | Killed a two-headed ogre
 11961 | D:9      | Reached XP level 11. HP: 65/76 MP: 0/0
 11961 | D:9      | Learned a level 4 spell: Sticky Flame
 12421 | D:9      | Noticed a two-headed ogre
 12428 | D:9      | Killed a two-headed ogre
 12429 | D:9      | Reached skill level 11 in Spellcasting
 12707 | D:10     | Entered Level 10 of the Dungeon
 12730 | D:10     | Found Maolo's Armour Shop.
 13789 | D:10     | Noticed a two-headed ogre
 13794 | D:10     | Noticed an ogre mage
 13796 | D:10     | Noticed a two-headed ogre
 13797 | D:10     | Killed a two-headed ogre
 13800 | D:10     | Noticed a two-headed ogre
 13801 | D:10     | Killed an ogre mage
 13802 | D:10     | Noticed a two-headed ogre
 13804 | D:10     | Killed a two-headed ogre
 13805 | D:10     | Reached skill level 12 in Spellcasting
 13850 | D:10     | Slain by a two-headed ogre

Illustrated notes

Levels and vault maps discovered:
D:1:      ncdulo_halloftheorcs, layout_loops_ring,
          shapermc_ecumenical_altar_mp_urbaneastern, serial_glass,
          glass_columns_a, glass_columns_b, minivault_5, chequers_big_river,
          minivault_25
D:2:      layout_loops_ring
D:3:      layout_rooms, serial_rivers, chequers_serial_rivers_micro_c,
          chequers_serial_rivers_large_a, chequers_serial_rivers_micro_e,
          chequers_serial_rivers_small_3, chequers_serial_rivers_small_b,
          minmay_misc_feat_pillars
D:4:      layout_loops_ring, mainiacjoe_overflow_alcove_4, uniq_blork_the_orc
D:5:      layout_loops_ring, led_sif_book, minmay_temple_entry_offerings,
          nicolae_inconvenience_store, nicolae_specific_store,
          nrook_mini_backslash
D:6:      layout_basic, mainiacjoe_overflow_24_doors
D:7:      layout_loops_corners, serial_shops, shop, shop, shop,
          nicolae_stop_n_shop_1
D:8:      layout_basic, nicolae_hepliaklqana_hazy_memory, lemuel_doored_altar,
          kiku_gazebo_garden_becter, serial_shops, kennysheep_mini,
          nicolae_shop_trees, nicolae_take_the_stairs, uniq_pikel, uniq_grum
D:9:      layout_cave_pods, general_overflow_altar, due_lair_maze_entry_diamond,
          hellmonk_ghost_big_iron, serial_co_window_serial, co_window_paths_b,
          co_window_corner_a, co_window_of_opportunity_a, co_window_paths_b,
          co_window_paths_a, co_window_paths_a, co_window_paths_b,
          co_window_of_opportunity_b, co_window_corner_b, co_window_corner_ca,
          glass_columns_b, glass_columns_a, glass_columns_a
D:10:     mumra_celtic_spiral_tile, layout_loops_ring, erik_orc_1, serial_shops,
          shop
Temple:   regret_index_temple_generic_petals

Skill      XL: |  1  2  3  4  5  6  7  8  9 10 11 |
---------------+----------------------------------+-----
Spellcasting   | 3 4 5 6 7 9 10 12 | 12.0
Fighting       | 1 2 3 4 5 6 |  6.3
Stealth        | 2 3 |  3.6
Dodging        | 3 |  3.9

Action                   |  1- 3 |  4- 6 |  7- 9 | 10-12 || total
-------------------------+-------+-------+-------+-------++-------
Melee: Dagger            |     7 |       |       |       ||     7
       Staff             |       |    10 |     8 |     1 ||    19
 Cast: Foxfire           |    76 |    90 |   156 |   131 ||   453
       Scorch            |       |    34 |    86 |    17 ||   137
       Flame Wave        |       |       |     3 |     8 ||    11
       Stone Arrow       |       |       |       |    31 ||    31
  Use: Scroll            |     1 |       |     6 |     7 ||    14
       Potion            |       |       |     1 |       ||     1
 Stab: Sleeping          |     1 |     1 |       |       ||     2
Armor: Robe              |     6 |     4 |    24 |    11 ||    45
Dodge: Dodged            |     6 |    17 |    48 |    26 ||    97

Table legend: (Time is in decaauts)
 A = Elapsed time spent in this place.
 B = Non-inter-level travel time spent in this place.
 C = Inter-level travel time spent in this place.
 D = Time resting spent in this place.
 E = Time spent auto-exploring this place.
 F = Levels seen in this place.
 G = Mean time per level.
                   A        B        C        D        E       F      G
               +--------+--------+--------+--------+--------+-----+--------+
         Total |  13852 |  13228 |    624 |    779 |  10924 |  11 | 1259.3 |
       Dungeon |  13665 |  13067 |    598 |    779 |  10783 |  10 | 1366.5 |
        Temple |    186 |    160 |     26 |      0 |    141 |   1 |  186.0 |
               +--------+--------+--------+--------+--------+-----+--------+

Top non-repeatable levels by time:
     D:7: 2137 daAuts
     D:1: 1727 daAuts
     D:9: 1453 daAuts
     D:6: 1449 daAuts
     D:5: 1431 daAuts
     D:2: 1393 daAuts
     D:4: 1109 daAuts
     D:8: 1029 daAuts
    D:10: 983 daAuts
     D:3: 950 daAuts
  Temple: 186 daAuts
